 Dungeon Crawl Stone Soup version 0.21-a0-140-g479285b (webtiles) character file.

501 Shalashaska the Chopper (level 6, -6/56 HPs)
             Began as a Minotaur Berserker on July 21, 2017.
             Was a Priest of Trog.
             Splashed by Ijyb's acid (14 damage)
             ... on level 4 of the Dungeon.
             The game lasted 00:07:30 (2600 turns).

Shalashaska the Chopper (Minotaur Berserker)        Turns: 2600, Time: 00:07:32

Health: -6/56      AC:  1    Str: 22    XL:     6   Next: 95%
Magic:  5/5        EV: 12    Int:  6    God:    Trog [***...]
Gold:   143        SH:  0    Dex: 11    Spells: 5/5 levels left

rFire    . . .     SeeInvis .   l - +0 hand axe (chop)
rCold    . . .     Gourm    .   (no shield)
rNeg     . . .     Faith    .   p - +0 ring mail
rPois    .         Spirit   .   (helmet restricted)
rElec    .         Reflect  .   (no cloak)
rCorr    .         Harm     .   (no gloves)
MR       +....                  (no boots)
Stlth    +.........             (no amulet)
HPRegen  0.18/turn              (no ring)
MPRegen  0.09/turn              (no ring)

@: corroded
A: retaliatory headbutt, horns 2, blurry vision 1, clever 1, magic resistance 1
a: Berserk, Trog's Hand, Burn Spellbooks, Renounce Religion


You were on level 4 of the Dungeon.
You worshipped Trog.
Trog was most pleased with you.
You were not hungry.

You visited 1 branch of the dungeon, and saw 4 of its levels.

You collected 143 gold pieces.

Inventory:

Hand Weapons
 a - a +0 hand axe
 l - a +0 hand axe of chopping (weapon)
Armour
 p - a +0 ring mail (worn)
Wands
 b - a wand of random effects (20/48)
Scrolls
 e - 2 scrolls of remove curse
 m - 2 scrolls of recharging {unknown}
 n - 3 scrolls of enchant weapon
Potions
 d - a potion of agility {unknown}
 f - 2 potions of curing {unknown}
 i - a potion of cancellation {unknown}
 j - 2 potions of mutation {unknown}
 k - 4 potions of might {unknown}
 q - a potion of flight {unknown}
Comestibles
 c - 3 bread rations
 h - a fruit
 o - a royal jelly


   Skills:
 + Level 5.6 Fighting
 + Level 6.6 Axes
 + Level 4.0 Armour
 + Level 3.5 Dodging
 + Level 1.5 Stealth


You had 5 spell levels left.
You didn't know any spells.

Dungeon Overview and Level Annotations

Branches:
Dungeon (4/15)
 Temple: D:4-7

Altars:
Ashenzari
Dithmenos
Fedhas
Okawaru
Sif Muna
Trog
The Shining One

Annotations:
D:4 Ijyb, Robin


Innate Abilities, Weirdness & Mutations

You reflexively headbutt those who attack you in melee.
You have a pair of horns on your head.
Scrolls take you a little longer to read.
Your mind is acute. (Int +2)
You are resistant to hostile enchantments. (MR+)


Message History

A goblin comes into view. It is wielding a club.
A goblin and Robin come into view.
Robin is wielding a falchion of electrocution.
A goblin comes into view. It is wielding a club.
Robin shouts!
The goblin shouts! x2
Robin roars a battlecry!
The goblins go into a battle-frenzy!
The goblin moves out of view.
A frilled lizard comes into view.
You closely miss Ijyb.
The frilled lizard hisses angrily.
Ijyb zaps a wand.
The bolt of acid hits you! The acid corrodes you!
You are splashed with acid!
The acid burns!
It is a wand of acid (?/15).
Robin moves out of view.
A goblin and a hobgoblin come into view.
You are too injured to fight recklessly!
Ijyb zaps a wand.
The bolt of acid hits you!
* * * LOW HITPOINT WARNING * * *
You are splashed with acid!
The acid burns!
You die...

#####.##.#..# #
#........#..##
#.#......(.....####
##.##.#.#.######.......
.........^# #...##.#
.#####.### ##.###.. #.#
###...#### ##.##
#......... #@..#
#.......## #...#
#.#####.## #g..# ...
#... #g..# .## #.##
#g..g.......# #.##


glg............. ###.## #.#...........#.. ...## #####...##.####. #.## #...#
.......##..) You could see Ijyb, a hobgoblin and a goblin.

Vanquished Creatures
  A sky beast (D:3)
  A phantom (D:4)
  A centaur (D:3)
  Natasha (twice) (D:2)
  An orc wizard (D:3)
  3 adders
  4 river rats (D:3)
  A worm (D:3)
  2 dart slugs (D:2)
  3 leopard geckos
  19 orcs
  A bat (D:1)
  15 giant cockroaches
  5 hobgoblins
  2 jackals (D:3)
  3 quokkas (D:3)
  2 ball pythons
  2 frilled lizards
  3 goblins
  6 kobolds
  8 rats
85 creatures vanquished.

Notes
Turn   | Place    | Note
-------+----------+-------------------------------------------
     0 | D:1      | Shalashaska the Minotaur Berserker began the quest for the Orb.
     0 | D:1      | Reached XP level 1. HP: 19/19 MP: 0/0
   433 | D:1      | Found a glowing golden altar of the Shining One.
   727 | D:2      | Reached XP level 2. HP: 18/27 MP: 1/1
   749 | D:2      | Noticed Natasha
   756 | D:2      | Noticed a crimson imp
   759 | D:2      | Killed Natasha
   759 | D:2      | Reached skill level 4 in Axes
   759 | D:2      | Reached XP level 3. HP: 33/33 MP: 2/2
   787 | D:2      | Found a shattered altar of Ashenzari.
   788 | D:2      | Found an iron altar of Okawaru.
   788 | D:2      | Found a deep blue altar of Sif Muna.
   789 | D:2      | Found a blossoming altar of Fedhas.
   789 | D:2      | Found a bloodstained altar of Trog.
   814 | D:2      | Reached ** piety under Trog
   847 | D:2      | Found a shadowy altar of Dithmenos.
  1076 | D:2      | Noticed Natasha
  1100 | D:2      | Killed Natasha
  1100 | D:2      | Reached skill level 5 in Axes
  1100 | D:2      | Reached XP level 4. HP: 9/41 MP: 3/3
  1417 | D:3      | Noticed a sky beast
  1436 | D:3      | Killed a sky beast
  1436 | D:3      | Reached skill level 5 in Fighting
  1436 | D:3      | Reached skill level 1 in Stealth
  1436 | D:3      | Reached XP level 5. HP: 24/48 MP: 4/4
  1447 | D:3      | Gained mutation: You are resistant to hostile enchantments. (MR+) [mutagenic meat]
  1448 | D:3      | Gained mutation: Your mind is acute. (Int +2) [mutagenic meat]
  1449 | D:3      | Gained mutation: Scrolls take you a little longer to read. [mutagenic meat]
  1954 | D:3      | Noticed a centaur
  1960 | D:3      | Killed a centaur
  1960 | D:3      | Reached XP level 6. HP: 21/56 MP: 5/5
  2125 | D:3      | Reached skill level 6 in Axes
  2189 | D:3      | Reached *** piety under Trog
  2594 | D:4      | Noticed Ijyb
  2596 | D:4      | Noticed Robin
  2600 | D:4      | Splashed by Ijyb's acid

Vault maps used:
D:1:      dpeg_arrival_refuge, tso_altar
D:2:      minmay_roachtagon, grunt_temple_overflow_open, minmay_heptomino_h4,
          uniq_natasha
D:3:      first_bread, gup_sewer_entry_spiral
D:4:      tgw_kikubaaqudgha, uniq_robin, uniq_ijyb

Skill      XL: |  1  2  3  4  5  6 |
---------------+-------------------+-----
Fighting       | 4 5 |  5.6
Axes           | 4 5 6 |  6.6
Stealth        | 1 |  1.5
Armour         | 3 4 |  4.0
Dodging        | 3 |  3.5

Action                   |  1- 3 |  4- 6 || total
-------------------------+-------+-------++-------
Melee: Hand axe          |    60 |   138 ||   198
       Headbutt          |     8 |    25 ||    33
Invok: Berserk           |     1 |     1 ||     2
  Use: Scroll            |       |     3 ||     3
 Stab: Sleeping          |     1 |       ||     1
  Eat: Chunk             |     2 |     5 ||     7
       Bread ration      |       |     1 ||     1
Armor: Animal skin       |    10 |       ||    10
       Ring mail         |       |    22 ||    22
Dodge: Dodged            |    36 |    62 ||    98
